 Dungeon Crawl Stone Soup version 0.31-a0-263-ge8cad7f256 (webtiles) character file.

Game seed: 9357250431994806528

70 qw the Shooter (level 4, -1/26 HPs)
             Began as a Gargoyle Hexslinger on July 13, 2023.
             Slain by a frilled lizard (3 damage)
             ... on level 2 of the Dungeon.
             The game lasted 00:00:27 (741 turns).

qw the Shooter (Gargoyle Hexslinger)                 Turns: 741, Time: 00:00:28

Health: -1/26      AC:  6    Str: 12    XL:     4   Next: 22%
Magic:  5/5        EV: 11    Int: 13    God:
Gold:   94         SH:  0    Dex: 14    Spells: 4/5 levels left

rFire   . . .        Y - +1 sling
rCold   . . .        (no shield)
rNeg    + . .        e - +0 leather armour
rPois   inf          (no helmet)
rElec   +            (no cloak)
rCorr   .            (no gloves)
SInv    .            (no boots)
Will    .....        d - amulet of the acrobat
Stlth   +            (no ring)
HPRegen 0.24/turn    (no ring)
MPRegen 0.09/turn

%: acrobat
@: no status effects
A: sickness immunity, AC +3, negative energy resistance 1, electricity
resistance, torment resistance 1, petrification resistance
a: no special abilities


You were on level 2 of the Dungeon.
You visited 1 branch of the dungeon, and saw 2 of its levels.

You collected 94 gold pieces.


Innate Abilities, Weirdness & Mutations

You are immune to sickness and miasma.
Your stone body is resilient. (AC +3)
You are immune to poison.
You resist negative energy. (rN+)
You are resistant to electric shocks. (rElec)
You are resistant to unholy torment.
You are immune to petrification.


   Skills:
 - Level 2.2 Fighting
 + Level 3.9 Ranged Weapons
 - Level 1.5 Dodging
 - Level 1.0 Spellcasting
 - Level 2.6 Hexes


You had 4 spell levels left.
You knew the following spells:

 Your Spells              Type           Power      Damage    Failure   Level
a - Slow                  Hex            28%        N/A       12%         1

Your spell library contained the following spells:

 Spells                   Type           Power      Damage    Failure   Level
 Inner Flame              Hex/Fire       4%         N/A       52%         3
 Portal Projectile        Hex/Tloc       8%         N/A       52%         3
 Cause Fear               Hex            3%         N/A       75%         4

Inventory:

Hand Weapons
 Y - a +1 sling (weapon)
Armour
 b - a +0 pair of gloves
 e - a +0 leather armour (worn)
Jewellery
 d - an amulet of the acrobat (around neck)
Potions
 a - a potion of lignification {unknown}

Dungeon Overview and Level Annotations

Branches:
Dungeon (2/15)

Altars:


Message History

The adder closely misses you. The adder barely misses you.
The frilled lizard bites you but does no damage.
The adder bites you but does no damage. The adder barely misses you.
You shoot a sling bullet.
The sling bullet closely misses the adder.
The adder bites you. The frilled lizard barely misses you. The adder bites you.
The adder barely misses you.
You shoot a sling bullet. The sling bullet misses the adder.
The adder closely misses you.
The frilled lizard hisses.
The frilled lizard barely misses you. The adder barely misses you.
The adder closely misses you. The frilled lizard barely misses you.
You shoot a sling bullet. The sling bullet hits the adder.
You kill the adder!
The adder bites you but does no damage. The frilled lizard barely misses you.
The adder misses you.
You shoot a sling bullet. The sling bullet hits the adder.
The adder is lightly wounded.
The adder bites you. The frilled lizard closely misses you.
The adder bites you but does no damage.
You shoot a sling bullet.
The sling bullet closely misses the adder.
The frilled lizard bites you but does no damage.
The adder barely misses you.
You shoot a sling bullet. The sling bullet misses the adder.
The adder closely misses you.
The frilled lizard bites you but does no damage.
The adder bites you but does no damage.
The frilled lizard bites you but does no damage.
You shoot a sling bullet.
The sling bullet closely misses the adder.
The adder bites you but does no damage. The frilled lizard closely misses you.
You shoot a sling bullet.
The sling bullet closely misses the adder.
The adder closely misses you. The frilled lizard bites you.
The adder bites you but does no damage.
You shoot a sling bullet.
The sling bullet barely misses the adder.
The adder bites you but does no damage. The frilled lizard bites you.
You die...

#........######.....#
#
#...................#
#
#)........#####.....#
#
#########.#####.....#
# #....######...# #
####.# ...# ####.#
... #....# #. #@####
#....S)l......
##!...%.......
#....).......
#%...........
P..###....#### #.#.
#.#### .## #..


You could see an adder and a frilled lizard.

Vanquished Creatures
  4 adders (D:2)
  A worm (D:2)
  3 dart slugs
  An endoplasm (D:1)
  A giant cockroach (D:2)
  2 goblins (D:2)
  2 hobgoblins
  3 kobolds (D:1)
  3 quokkas (D:1)
  4 ball pythons
  2 bats (D:1)
  A frilled lizard (D:2)
27 creatures vanquished.

Notes
Turn   | Place    | Note
-------+----------+-------------------------------------------
     0 | D:1      | qw the Gargoyle Hexslinger began the quest for the Orb.
     0 | D:1      | Reached XP level 1. HP: 12/12 MP: 2/2
     0 | D:1      | 0 ||| qw: Version: 0.3-a-52-g30416fa
     0 | D:1      | 0 ||| qw: Game counter: 7120
     0 | D:1      | 0 ||| qw: Melee chars always use a shield: true
     0 | D:1      | 0 ||| qw: God list: Okawaru
     0 | D:1      | 0 ||| qw: Allow faded altars: false
     0 | D:1      | 0 ||| qw: Do Orc after clearing Dungeon:15 true
     0 | D:1      | 0 ||| qw: Do second Lair branch before Depths: true
     0 | D:1      | 0 ||| qw: Lair rune preference: random
     0 | D:1      | 0 ||| qw: Goals: Normal
     0 | D:1      | 0 ||| PLANNING D:1-11
   144 | D:1      | Reached XP level 2. HP: 16/16 MP: 3/3
   295 | D:1      | Reached skill level 3 in Ranged Weapons
   419 | D:1      | 419 ||| UPGRADING to +0 leather armour.
   429 | D:1      | 429 ||| DROPPING +0 robe.
   430 | D:1      | 430 ||| UPGRADING to amulet of the acrobat.
   435 | D:1      | 435 ||| READING scroll labelled DIJAOL SOYLANO.
   436 | D:1      | 436 ||| READING scroll labelled AWUDAL ZUVIU.
   437 | D:1      | 437 ||| DROPPING scroll of poison.
   501 | D:2      | Reached XP level 3. HP: 19/21 MP: 4/4
   712 | D:2      | Reached XP level 4. HP: 26/26 MP: 5/5
   731 | D:2      | HP: 6/26 [adder (3)]
   736 | D:2      | HP: 1/26 [adder (3)]
   741 | D:2      | Slain by a frilled lizard

Levels and vault maps discovered:
D:1:      dpeg_arrival_simpleton_b, layout_rooms
D:2:      layout_basic, minmay_shallow_snake_nest, uniq_terence

Skill      XL: |  1  2 |
---------------+-------+-----
Ranged Weapons | 3 |  3.9
Fighting       | 2 |  2.2
Dodging        | |  1.5
Spellcasting   | |  1.0
Hexes          | |  2.6

Action                     |  1- 3 |  4- 6 || total
---------------------------+-------+-------++-------
   Fire: Sling             |   103 |    30 ||   133
    Use: Scroll            |     2 |       ||     2
 Armour: Robe              |     5 |       ||     5
         Leather armour    |     6 |    30 ||    36
  Dodge: Dodged            |    37 |    53 ||    90

Table legend:
 A = Non-vault XP
 B = Vault XP
 C = Vault XP percentage of total XP
 D = Non-vault monster count
 E = Vault monster count
 F = Vault count percentage of total count
                 A         B        C        D         E       F
            +---------+---------+-------+---------+---------+-------
      Total |      99 |       2 |   2.0 |      25 |       2 |   7.4
            +---------+---------+-------+---------+---------+-------
        D:1 |      22 |       0 |   0.0 |      12 |       0 |   0.0
        D:2 |      77 |       2 |   2.5 |      13 |       2 |  13.3
            +---------+---------+-------+---------+---------+-------
